 Dungeon Crawl Stone Soup version 0.27-a0-1365-ge71e8f7681 (webtiles) character file.

Game seed: 9484379195032811842

50624 HESUNTHESUNT the Cleaver (level 14, -8/120 HPs)
             Began as a Palentonga Fighter on June 28, 2021.
             Was the Champion of Okawaru.
             Killed by divine providence
             ... invoked by a meliai
              (11 damage)
             ... on level 14 of the Dungeon.
             The game lasted 00:46:48 (18354 turns).

HESUNTHESUNT the Cleaver (Palentonga Fighter)      Turns: 18354, Time: 00:46:48

Health: -8/120     AC: 45    Str: 25    XL:     14   Next: 20%
Magic:  19/19      EV:  3    Int: 10    God:    Okawaru [******]
Gold:   1823       SH: 13    Dex: 10    Spells: 13/13 levels left

rFire    . . .     SeeInvis +   a - +1 war axe (vamp)
rCold    + . .     Faith    .   c - +1 kite shield
rNeg     + . .     Spirit   .   H - +4 plate armour "Unto" {rCorr Stlth+}
rPois    +         Reflect  .   i - +0 helmet
rElec    +         Harm     .   k - +0 cloak
rCorr    +         Rampage  .   x - +2 pair of gloves {archery}
Will     +....     Rnd*Tele +   f - +10 Black Knight's barding {ponderous, rPois rN+}
Stlth    ..........             I - amulet of the acrobat
HPRegen  0.30/turn              n - +4 ring of slaying
MPRegen  0.16/turn              r - ring "Visaceik" {rElec rC+ Str+2 Int-2}

@: studying Stealth, curled up, slow
A: large, rugged brown scales 3, see invisible, deformed body, roll 1, armoured
tail, reflexive curl, stinger 1, clever 1, teleportitis 1, MP-powered wands
a: Rolling Charge, Renounce Religion, Heroism, Finesse


You were on level 14 of the Dungeon.
You worshipped Okawaru.
Okawaru was exalted by your worship.
You visited 3 branches of the dungeon, and saw 17 of its levels.

You collected 1823 gold pieces.

Inventory:

Hand Weapons
 a - a +1 vampiric war axe (weapon)
 p - a +1 vorpal hand axe
 t - a +0 hand axe of flaming
 z - a +2 war axe of freezing
 K - a +2 vampiric battleaxe
Missiles
 o - 5 atropa-tipped darts
 C - 4 curare-tipped darts
Armour
 c - a +1 kite shield (worn)
 f - the +10 Black Knight's barding (worn) {ponderous, rPois rN+}
   (You acquired it on level 2 of the Dungeon)

   rPois:     It protects you from poison.
   rN:        It protects you from negative energy.
 i - a +0 helmet (worn)
 k - a +0 cloak (worn)
 x - a +2 pair of gloves of archery (worn)
 H - the +4 plate armour "Unto" (worn) {rCorr Stlth+}
   (You found it on level 11 of the Dungeon)

   rCorr:     It protects you from acid and corrosion.
   Stlth:     It makes you more stealthy.
 L - a +2 plate armour of positive energy
Jewellery
 n - a +4 ring of slaying (left hand)
 r - the ring "Visaceik" (right hand) {rElec rC+ Str+2 Int-2}
   (You acquired it on level 5 of the Dungeon)

   [ring of protection from cold]

   Str:       It affects your strength (+2).
   Int:       It affects your intelligence (-2).
   rC:        It protects you from cold.
   rElec:     It insulates you from electricity.
 w - the ring "Usacaenuul" {rPois Str-5 Dex+6 SInv Stlth+}
   (You found it on level 2 of the Orcish Mines)

   [ring of dexterity]

   Str:       It affects your strength (-5).
   Dex:       It affects your dexterity (+6).
   rPois:     It protects you from poison.
   SInv:      It lets you see invisible.
   Stlth:     It makes you more stealthy.
 G - a ring of resist corrosion
 I - an amulet of the acrobat (around neck)
 M - a +6 ring of intelligence
 N - a +4 ring of evasion
 O - a +6 ring of intelligence
 T - a ring of fire
Wands
 m - a wand of iceblast (20)
 s - a wand of charming (28)
 u - a wand of digging (10)
 E - a wand of flame (35)
Scrolls
 j - 2 scrolls of noise
 y - 2 scrolls of amnesia
 B - a scroll of summoning
 D - 5 scrolls of teleportation
 P - a scroll of magic mapping
 Q - a scroll of enchant armour
 S - a scroll of silence {unknown}
Potions
 d - 3 potions of might
 e - 6 potions of curing
 h - a potion of lignification
 l - 4 potions of flight
 q - 3 potions of resistance {unknown}
 v - 3 potions of mutation
 A - 2 potions of brilliance
 F - a potion of attraction {unknown}
 R - a potion of ambrosia {unknown}
Miscellaneous
 J - a box of beasts


   Skills:
 + Level 11.3 Fighting
 * Level 14.9 Axes
 + Level 9.7 Armour
 + Level 9.6 Shields
 - Level 7.0 Invocations


You had 13 spell levels left.
You didn't know any spells.
Your spell library contained the following spells:

 Spells                   Type           Power      Damage    Failure   Level
 Sandblast                Erth           0%         2d4       98%         1
 Passwall                 Tmut/Erth      0%         N/A       99%         2
 Poisonous Vapours        Pois/Air       0%         N/A       99%         2
 Conjure Flame            Conj/Fire      0%         6-21      100%        3
 Mephitic Cloud           Conj/Pois/Air  0%         N/A       100%        3
 Stone Arrow              Conj/Erth      0%         3d7       100%        3
 Petrify                  Tmut/Erth      0%         N/A       100%        4
 Freezing Cloud           Conj/Ice/Air   0%         6-21      100%        5
 Lee's Rapid Deconstruct  Erth           0%         3d5*      100%        5


Dungeon Overview and Level Annotations

Branches:
Dungeon (14/15)            Temple (1/1) D:7            Lair (0/6) D:11
    Orc (2/2) D:10            Elf (0/3) Orc:2        Vaults (0/5) D:13

Altars:
Cheibriados
Elyvilon
Fedhas
Gozag
Nemelex Xobeh
Okawaru
Qazlal
Ru
Vehumet
Wu Jian
Xom
Yredelemnul
Zin
The Shining One
Beogh

Shops:
Orc:1 :   Orc:2 *([!

Portals:
Bazaar: D:11


Innate Abilities, Weirdness & Mutations

You are completely covered in rugged brown scales. (AC +3, +7% HP)
You have supernaturally acute eyesight. (SInv)
Armour fits poorly on your strangely shaped body.
You can roll at nearby foes to attack.
You have a long armoured tail.
You curl defensively after being hit.
Your tail ends in a poisonous barb.
Your mind is acute. (Int +2)
You are occasionally teleported next to monsters.
You expend magic power (3 MP) to strengthen your wands.


Message History

You block the manticore's attack. x2
The manticore claws you but does no damage.
The catoblepas breathes a plume of calcifying dust at you.
The blast of calcifying dust hits the manticore but does no damage.
The blast of calcifying dust hits you.
* * * LOW HITPOINT WARNING * * *
The centaur warrior wields a +0 shortbow.
The centaur warrior shoots an arrow.
The arrow hits you!
* * * LOW HITPOINT WARNING * * *
You see here a lightning rod (4/4).
Unknown command.
The manticore is engulfed in calcifying dust.
The manticore is moving more slowly.
The catoblepas breathes a plume of calcifying dust at you.
The blast of calcifying dust hits the centaur warrior!
The blast of calcifying dust hits you.
* * * LOW HITPOINT WARNING * * *
The centaur warrior is engulfed in calcifying dust.
The centaur warrior is moving more slowly.
Found 2 javelins.
Really walk into that teleport trap?
You enter a teleport trap!
The teleport trap disappears.
Your surroundings seem slightly different.
The queen bee buzzes angrily.
The meliai buzzes angrily.
The meliai mumbles some strange prayers to its god against you.
Something smites you!
* * * LOW HITPOINT WARNING * * *
Okay, then.
You feel much better.
The meliai mumbles some strange prayers to its god against you.
Something smites you!
* * * LOW HITPOINT WARNING * * *
The meliai invokes the aid of its god against you.
Something smites you!
* * * LOW HITPOINT WARNING * * *
The meliai hits you but does no damage.
The meliai stings you but does no damage.
The meliai invokes the aid of its god against you.
Something smites you!
You die...

#....H§...#
#.....§§..#
#.........##
#............
#............(.
#.........#####
#.........#
######..y.y....#
..y.y.....y..y@#
....C..C.......#
#####..........#
#..........#
#......!...#
#...#####..#
#...# #....
#...# #..#..
#... ...


You could see a cyclops, a queen bee shaped shifter and 3 meliai.

Vanquished Creatures
  A storm dragon (D:12)
  An orc warlord (Orc:1)
  The ghost of Delamore the Unseen, a journeyman OpBr of Gozag (Orc:2)
  The ghost of Tist the Cleaver, a journeyman GnWr of Nemelex Xobeh (Orc:1)
  8 vault guards (D:13)
  2 hydras
  8 boulder beetles
  2 centaur warriors (D:13)
  4 two-headed ogres
  A death knight (D:11)
  5 orc high priests (Orc:2)
  An obsidian statue (D:11)
  A lindwurm (shapeshifter) (D:11)
  Pikel (D:9)
  4 orc knights
  An ugly thing (D:13)
  An orc sorcerer (Orc:1)
  A manticore (D:14)
  A cyclops (D:11)
  A gargoyle (D:14)
  A komodo dragon (D:11)
  A freezing wraith (D:11)
  A tengu conjurer (D:11)
  3 kobold demonologists
  4 trolls
  A hornet (D:7)
  A meliai (shapeshifter) (D:11)
  Grinder (D:3)
  A wraith (D:11)
  5 shadows
  A centaur simulacrum (D:10)
  20 yaks
  2 basilisks
  3 steam dragons
  8 vampire mosquitoes (D:11)
  3 neqoxecs (Orc:2)
  An acid dragon (D:9)
  Edmund (D:6)
  A water moccasin (D:7)
  40 orc warriors
  2 sky beasts
  7 ogres
  8 centaurs
  2 lemures (D:9)
  20 kobold brigands
  Blork the orc (D:6)
  A bullfrog (D:7)
  A gnoll sergeant (D:13)
  2 water moccasin skeletons
  24 killer bees
  3 electric eels (D:12)
  8 howler monkeys
  7 centaur zombies
  4 quasits (Orc:2)
  33 orc priests
  2 hounds
  3 jellies
  A gnoll shaman (D:5)
  An iron imp (D:9)
  3 iguanas (D:5)
  15 orc wizards
  Crazy Yiuf (D:2)
  Terence (D:2)
  Ijyb (D:3)
  Robin (D:1)
  2 howler monkey zombies
  7 gnolls
  2 howler monkey skeletons
  4 adders
  A shadow imp (D:5)
  2 white imps (D:7)
  2 ufetubi
  An adder skeleton (D:4)
  A worm (shapeshifter) (D:11)
  A dart slug (D:4)
  88 orcs
  5 bats
  12 endoplasms
  4 giant cockroaches
  17 goblins
  8 hobgoblins
  4 jackals (D:3)
  7 quokkas
  9 ball pythons
  A jackal zombie (D:4)
  30 kobolds
  6 rats
511 creatures vanquished.

Vanquished Creatures (others)
  An orc (Orc:2)
  8 plants (D:11)
9 creatures vanquished.

Grand Total: 520 creatures vanquished

Notes
Turn   | Place    | Note
-------+----------+-------------------------------------------
     0 | D:1      | HESUNTHESUNT the Palentonga Fighter began the quest for the
                  | Orb.
     0 | D:1      | Reached XP level 1. HP: 19/19 MP: 1/1
    76 | D:1      | Found a faded altar of an unknown god.
   163 | D:1      | Reached XP level 2. HP: 23/25 MP: 2/2
   631 | D:1      | Reached XP level 3. HP: 26/31 MP: 3/3
  1045 | D:2      | Noticed Terence
  1247 | D:2      | Noticed Robin
  1423 | D:1      | Killed Robin
  1424 | D:1      | Reached XP level 4. HP: 10/37 MP: 4/4
  2037 | D:2      | Found a radiant altar of Vehumet.
  2119 | D:2      | Identified a scroll of acquirement
  2119 | D:2      | Acquired the +10 Black Knight's barding {ponderous, rPois
                  | rN+}
  2120 | D:2      | Found the +10 Black Knight's barding {ponderous, rPois rN+}
  2286 | D:2      | Killed Terence
  2287 | D:2      | Reached skill level 3 in Axes
  2578 | D:2      | Found a runed translucent door.
  2579 | D:2      | Noticed Crazy Yiuf
  2582 | D:2      | Gained mutation: You have large cloven feet. [potion of
                  | mutation]
  2582 | D:2      | Gained mutation: You evolve. [potion of mutation]
  2585 | D:2      | Killed Crazy Yiuf
  2586 | D:2      | Reached XP level 5. HP: 35/44 MP: 5/5
  2676 | D:2      | Lost mutation: You have large cloven feet. [potion of
                  | mutation]
  2676 | D:2      | Lost mutation: You evolve. [potion of mutation]
  2676 | D:2      | Gained mutation: You expend magic power (3 MP) to
                  | strengthen your wands. [potion of mutation]
  2676 | D:2      | Gained mutation: Your mind is acute. (Int +2) [potion of
                  | mutation]
  2676 | D:2      | Gained mutation: Your tail ends in a poisonous barb.
                  | [potion of mutation]
  2781 | D:3      | Noticed Grinder
  2995 | D:3      | Found a glowing silver altar of Zin.
  2995 | D:3      | Found a blossoming altar of Fedhas.
  3143 | D:3      | Noticed Ijyb
  3147 | D:3      | Killed Ijyb
  3167 | D:3      | Paralysed by Grinder for 4 turns
  3176 | D:3      | Killed Grinder
  3177 | D:3      | Reached skill level 4 in Axes
  3177 | D:3      | Reached XP level 6. HP: 40/51 MP: 6/6
  4321 | D:4      | Found a shimmering altar of Xom.
  4323 | D:4      | Gained mutation: You curl defensively after being hit.
                  | [Palentonga growth]
  4323 | D:4      | Reached XP level 7. HP: 58/58 MP: 7/7
  4411 | D:4      | Reached skill level 5 in Axes
  4719 | D:5      | Entered Level 5 of the Dungeon
  5842 | D:5      | Found a white marble altar of Elyvilon.
  6083 | D:6      | Reached skill level 5 in Fighting
  6127 | D:6      | Reached XP level 8. HP: 54/66 MP: 8/8
  6131 | D:6      | Reached skill level 6 in Axes
  6246 | D:6      | Noticed Edmund
  6508 | D:5      | Acquired the ring "Visaceik" {rElec rC+ Str+2 Int-2}
  6606 | D:6      | Found an ornate altar of the Wu Jian Council.
  6694 | D:6      | Found a glowing golden altar of the Shining One.
  6706 | D:6      | Found a basalt altar of Yredelemnul.
  6706 | D:6      | Noticed Blork the orc
  6711 | D:6      | Killed Blork the orc
  6712 | D:6      | Noticed a profane servitor
  6927 | D:6      | Killed Edmund
  7201 | D:6      | Reached skill level 7 in Axes
  7254 | D:6      | Noticed an angel
  7407 | D:7      | Reached skill level 5 in Armour
  7439 | D:7      | Noticed a hornet
  7444 | D:7      | Reached skill level 5 in Shields
  7458 | D:7      | Reached XP level 9. HP: 37/73 MP: 9/9
  7481 | D:7      | Reached skill level 8 in Axes
  7586 | D:7      | Noticed a four-headed hydra
  7593 | D:7      | Killed a one-headed hydra
  7919 | D:7      | Reached skill level 9 in Axes
  7972 | D:7      | Found a staircase to the Ecumenical Temple.
  8028 | Temple   | Entered the Ecumenical Temple
  8050 | Temple   | Became a worshipper of Warmaster Okawaru
  8494 | D:8      | Reached XP level 10. HP: 72/84 MP: 10/10
  8560 | D:8      | You fall into a shaft and drop 3 floors!
  8564 | D:10     | Entered Level 10 of the Dungeon
  8574 | D:11     | Reached * piety under Okawaru
  8979 | D:10     | Found a staircase to the Orcish Mines.
  8979 | D:10     | Reached ** piety under Okawaru
  9059 | D:10     | Noticed a two-headed ogre
  9068 | D:10     | Killed a two-headed ogre
  9069 | D:10     | Reached skill level 10 in Axes
  9096 | D:9      | Noticed Pikel
  9119 | D:9      | Killed Pikel
  9424 | D:9      | Noticed a two-headed ogre
  9429 | D:9      | Killed a two-headed ogre
  9429 | D:9      | Reached *** piety under Okawaru
  9679 | D:8      | Identified the +0 leather armour "Xoiv" {rC+ Regen+}
  9785 | D:9      | Noticed a two-headed ogre
  9794 | D:9      | Killed a two-headed ogre
  9794 | D:9      | Reached **** piety under Okawaru
  9795 | D:9      | Reached XP level 11. HP: 70/92 MP: 8/11
  9845 | D:9      | Reached skill level 11 in Axes
 10129 | D:9      | Found a snail-covered altar of Cheibriados.
 10654 | D:10     | Reached ***** piety under Okawaru
 11162 | D:10     | Found a sacrificial altar of Ru.
 11253 | D:11     | Reached skill level 12 in Axes
 11422 | D:11     | Noticed an obsidian statue
 11507 | D:11     | Received a gift from Okawaru
 11510 | D:11     | Reached XP level 12. HP: 102/102 MP: 12/12
 11561 | D:11     | Reached skill level 1 in Invocations
 11616 | D:11     | Noticed a boulder beetle
 11663 | D:11     | Killed a boulder beetle
 11727 | D:11     | Found a staircase to the Lair.
 11881 | D:11     | Identified the +4 plate armour "Unto" {rCorr Stlth+}
 12154 | D:11     | Found a gateway to a bazaar.
 12168 | D:11     | Noticed a boulder beetle
 12189 | D:11     | Killed a boulder beetle
 12314 | Orc:1    | Entered Level 1 of the Orcish Mines
 12338 | Orc:1    | Reached skill level 13 in Axes
 12493 | Orc:1    | Reached skill level 10 in Fighting
 12493 | Orc:1    | Found Nyicles's Self-Improvement Boutique.
 12599 | Orc:1    | Noticed Tist's ghost (journeyman GnWr)
 12614 | Orc:1    | Found a runed translucent gate.
 12615 | Orc:1    | Found a runed translucent gate.
 12616 | Orc:1    | Found a runed translucent gate.
 12632 | Orc:1    | Noticed an orc warlord
 12853 | Orc:2    | Entered Level 2 of the Orcish Mines
 12881 | Orc:1    | Paralysed by an orc sorcerer for 6 turns
 13255 | Orc:2    | Noticed an orc high priest
 13318 | Orc:2    | Killed an orc high priest
 13531 | Orc:2    | Noticed an orc high priest
 13537 | Orc:2    | Noticed an orc high priest
 14166 | Orc:2    | Found a transporter.
 14174 | Orc:2    | Noticed Delamore's ghost (journeyman OpBr)
 14191 | Orc:2    | Found a transporter.
 14236 | Orc:2    | Found a staircase to the Elven Halls.
 14287 | Orc:2    | Killed an orc high priest
 14288 | Orc:2    | Reached XP level 13. HP: 92/111 MP: 14/16
 14733 | Orc:2    | Found Asefram's General Store.
 14733 | Orc:2    | Found Hoefysir's Distillery.
 14734 | Orc:2    | Found Toorouph's Antique Weapon Boutique.
 14734 | Orc:2    | Found Faiquc's Antique Armour Shop.
 14846 | Orc:2    | Gained mutation: You are occasionally teleported next to
                  | monsters. [a neqoxec]
 14855 | Orc:2    | Killed Delamore's ghost
 14856 | Orc:2    | Reached skill level 5 in Invocations
 14865 | Orc:2    | Identified the ring "Usacaenuul" {rPois Str-5 Dex+6 SInv
                  | Stlth+}
 14995 | Orc:1    | Killed an orc warlord
 15014 | Orc:1    | Killed Tist's ghost
 15228 | D:12     | Reached skill level 14 in Axes
 15326 | D:12     | Received a gift from Okawaru
 15937 | D:12     | Noticed a storm dragon
 16010 | D:12     | Reached ****** piety under Okawaru
 16329 | D:12     | Killed a storm dragon
 17024 | D:13     | Found a gate to the Vaults.
 17066 | D:13     | Reached XP level 14. HP: 110/120 MP: 13/19
 17897 | D:13     | Received a gift from Okawaru
 18353 | D:14     | HP: 5/120 [meliai/divine providence (14)]
 18354 | D:14     | Killed from afar by a meliai

Illustrated notes

Levels and vault maps discovered:
D:1:      minmay_arrival_four_houses, layout_basic,
          ebering_ecumenical_altar_webs, minmay_misc_feat_encased,
          lemuel_another_geyser
D:2:      layout_rooms, basic_altar, uniq_crazy_yiuf_cottage, uniq_robin,
          uniq_terence
D:3:      layout_loops_ring, gammafunk_temple_overflow_wave,
          minmay_misc_feat_plants, roderic_lattice_a, uniq_grinder, uniq_ijyb
D:4:      minmay_wonky_spiral, layout_loops_corners, xom_teletrap_fun
D:5:      layout_layer_cave, general_overflow_altar
D:6:      layout_loops_ring, grunt_temple_overflow_holy_war,
          nicolae_wu_jian_immortal_techniques, amcnicky_mini_corridor_feature,
          uniq_blork_the_orc, uniq_edmund
D:7:      layout_basic, minmay_temple_entry_offerings,
          minmay_misc_feat_more_columns, minmay_manual_mail
D:8:      layout_basic, small_statue_intersection
D:9:      layout_gridville, slow_altar_1, serial_rivers,
          chequers_serial_rivers_micro_e, chequers_serial_rivers_large_b,
          chequers_serial_rivers_marsh, chequers_serial_rivers_micro_a,
          uniq_pikel
D:10:     layout_basic, nicolae_ru_path_of_blood, david_orc_5, special_room
          [special_room_kobold]
D:11:     minmay_the_grid_triangle_9x9_rhombus_thin_mashed
          [minmay_the_grid_triangle_9x9_from_above,
          minmay_the_grid_triangle_9x9_prize_insulated,
          minmay_the_grid_triangle_9x9_semitri,
          minmay_the_grid_triangle_9x9_wacky_v], layout_cave_pools,
          david_lair_shrubbed, serial_shops, statue_bzr, abandoned_shop
D:12:     layout_gridville, kennysheep_island_fort
D:13:     layout_layer_cave, erik_vaults_2
D:14:     cheibrodos_ideogram_h, layout_long_grid, kennysheep_crisscross,
          minmay_lindwurm_lava
Temple:   oiseaux_autumnal_temple
Orc:1:    layout_caves, gammafunk_ghost_split, nicolae_shop_self_help
Orc:2:    st_orc_pillars, layout_caves, gammafunk_ghost_stat_death

Skill      XL: |  1  2  3  4  5  6  7  8  9 10 11 12 13 14 |
---------------+-------------------------------------------+-----
Shields        | 3 4 5 6 7 8 9 |  9.6
Armour         | 3 4 5 6 7 8 9 |  9.7
Axes           | 3 4 5 7 9 10 12 13 14 | 14.9
Fighting       | 4 5 6 7 8 9 10 11 | 11.3
Invocations    | 4 6 7 |  7.0

Action                   |  1- 3 |  4- 6 |  7- 9 | 10-12 | 13-15 || total
-------------------------+-------+-------+-------+-------+-------++-------
Melee: War axe           |   124 |   120 |   201 |   702 |   307 ||  1454
       Tailslap          |     6 |    12 |    30 |   121 |    74 ||   243
       Kick              |       |     1 |       |       |       ||     1
       Hand axe          |       |       |     7 |       |    28 ||    35
Invok: Heroism           |       |       |       |    27 |    10 ||    37
       Finesse           |       |       |       |     3 |     3 ||     6
 Abil: Rolling Charge    |     9 |    20 |    24 |    59 |    19 ||   131
  Use: Scroll            |       |     6 |    11 |       |     6 ||    23
       Potion            |       |     2 |     1 |       |     4 ||     7
Armor: Scale mail        |    89 |    68 |   143 |       |       ||   300
       Steam dragon scal |       |       |    10 |    84 |       ||    94
       Plate armour      |       |       |       |   269 |   350 ||   619
       Leather armour    |       |       |       |   236 |       ||   236
Dodge: Dodged            |    33 |    12 |    29 |   136 |    58 ||   268
Block: Kite shield       |    86 |    61 |   116 |   432 |   160 ||   855

Table legend: (Time is in decaauts)
 A = Elapsed time spent in this place.
 B = Non-inter-level travel time spent in this place.
 C = Inter-level travel time spent in this place.
 D = Time resting spent in this place.
 E = Time spent auto-exploring this place.
 F = Levels seen in this place.
 G = Mean time per level.
                   A        B        C        D        E       F      G
               +--------+--------+--------+--------+--------+-----+--------+
         Total |  19518 |  18374 |   1144 |   2204 |  12736 |  17 | 1148.1 |
       Dungeon |  16652 |  15739 |    913 |   1369 |  11554 |  14 | 1189.4 |
        Temple |     44 |     26 |     18 |      0 |     14 |   1 |   44.0 |
  Orcish Mines |   2821 |   2609 |    212 |    835 |   1167 |   2 | 1410.5 |
               +--------+--------+--------+--------+--------+-----+--------+

Top non-repeatable levels by time:
     D:1: 2005 daAuts
     D:5: 1810 daAuts
    D:11: 1809 daAuts
   Orc:1: 1668 daAuts
    D:12: 1536 daAuts
    D:13: 1449 daAuts
     D:9: 1320 daAuts
   Orc:2: 1153 daAuts
     D:4: 1066 daAuts
     D:3: 1045 daAuts
     D:6: 1038 daAuts
     D:2: 939 daAuts
     D:7: 909 daAuts
    D:10: 906 daAuts
     D:8: 744 daAuts
